 Dungeon Crawl Stone Soup version 0.20.0-8-g6b59dc7 (webtiles) character file.

42 Gorglomux the Sneak (level 3, 0/19 HPs)
             Began as a Vine Stalker Assassin on May 30, 2017.
             Slain by an orc
             ... wielding a +0 falchion
              (2 damage)
             ... on level 3 of the Dungeon.
             The game lasted 00:03:57 (1001 turns).

Gorglomux the Sneak (Vine Stalker Assassin)         Turns: 1001, Time: 00:03:57

Health: 0/19       AC:  3    Str: 13    XL:     3   Next: 54%
Magic:  0/4        EV: 11    Int: 11    God:
Gold:   82         SH:  0    Dex: 16    Spells: 2/2 levels left

rFire    . . .     SeeInvis .   q - +0 blowgun
rCold    . . .     Gourm    .   (no shield)
rNeg     . . .     Faith    .   c - +0 robe
rPois    .         Spirit   +   (no helmet)
rElec    .         Reflect  .   d - +0 cloak
rCorr    .         Harm     +   (no gloves)
MR       .....                  (no boots)
Stlth    +++.......             w - amulet of harm
Regen    0.1/turn               (no ring)
MPRegen  0.1/turn               (no ring)

@: no status effects
A: fangs 2, magic shield, antimagic bite, no potion heal 3, rot immunity
a: no special abilities


You were on level 3 of the Dungeon.
You were not hungry.

You visited 1 branch of the dungeon, and saw 3 of its levels.

You collected 82 gold pieces.

Inventory:

Hand Weapons
 a - a +2 dagger
 q - a +0 blowgun (weapon)
Missiles
 e - 2 poisoned needles (quivered)
 f - 2 curare-tipped needles
Armour
 c - a +0 robe (worn)
 d - a +0 cloak (worn)
Jewellery
 w - an amulet of harm (around neck)
Scrolls
 s - a scroll of recharging {unknown}
 u - a scroll of teleportation {unknown}
 v - a scroll of enchant armour {unknown}
 y - 2 scrolls of identify {unknown}
 A - a scroll of random uselessness {unknown}
Potions
 r - a potion of berserk rage {unknown}
 t - 3 potions of degeneration {unknown}
 B - 2 potions of haste {unknown}
 C - a potion of brilliance {unknown}
Comestibles
 g - 2 bread rations
 x - a royal jelly
 z - 3 chunks of flesh


   Skills:
 + Level 2.4 Fighting
 + Level 2.2 Short Blades
 - Level 1.7 Throwing
 - Level 0.7 Dodging
 + Level 5.6 Stealth


You had 2 spell levels left.
You didn't know any spells.

Dungeon Overview and Level Annotations

Branches:
Dungeon (3/15)

Altars:


Innate Abilities, Weirdness & Mutations

You have extremely sharp teeth.
When hurt, damage is shared between your health and your magic reserves.
Your bite disrupts and absorbs the magic of your enemies.
Potions cannot restore your health.
You are immune to rotting.


Message History

Aim: an orc, wielding a falchion and wearing a scale mail (severely wounded)
You shoot a poisoned needle. The poisoned needle hits the orc.
The orc is severely wounded.
You see here a poisoned needle.
Firing (i - inventory. (,) - cycle):
e - 4 poisoned needles (quivered)
Press: ? - help, Shift-Dir - straight line, f/p - orc
Aim: an orc, wielding a falchion and wearing a scale mail (heavily wounded)
You shoot a poisoned needle.
The poisoned needle closely misses the orc.
The poisoned needle hits the orc.
The orc is poisoned.
The orc hits you with a falchion.
* * * LOW HITPOINT WARNING * * *
Firing (i - inventory. (,) - cycle):
e - 3 poisoned needles (quivered)
Press: ? - help, Shift-Dir - straight line, f/p - orc
Aim: an orc, wielding a falchion and wearing a scale mail (heavily wounded)
You shoot a poisoned needle. The poisoned needle hits the orc.
The orc is poisoned.
The orc is heavily wounded.
The orc hits you with a falchion.
You die...

#..#..#.## ####.#....# .........
.........# #
#......###########.# #....# . ..
#....)...((....).#.###..#.###.##
...........o..(....)..........
..
##......o########.#...#..##.## #
#######.# #.#.#.......<# +
#.########.#.#######..####
#.....(oo@.#..............
#####################..### ##.#
# #.. # ##.## ..# #.# #.. ...


You could see 2 orcs.

Vanquished Creatures
  A dart slug (D:1)
  3 leopard geckos
  3 orcs (D:3)
  A ball python (D:2)
  4 giant cockroaches
  2 hobgoblins (D:2)
  2 jackals (D:1)
  A kobold (D:3)
  2 bats (D:1)
  7 goblins
  2 rats
28 creatures vanquished.

Notes
Turn   | Place    | Note
-------+----------+-------------------------------------------
     0 | D:1      | Gorglomux the Vine Stalker Assassin began the quest for the Orb.
     0 | D:1      | Reached XP level 1. HP: 11/11 MP: 2/2
   116 | D:1      | Reached skill level 5 in Stealth
   243 | D:1      | Reached XP level 2. HP: 12/15 MP: 1/3
   619 | D:2      | Reached XP level 3. HP: 18/18 MP: 4/4
  1001 | D:3      | Slain by an orc

Skill      XL: |  1  2 |
---------------+-------+-----
Stealth        | 5 |  5.6
Fighting       | 2 |  2.4
Short Blades   | 2 |  2.2
Throwing       | |  1.7
Dodging        | |  0.7

Action                   || total
-------------------------++-------
Melee: Dagger            ||    72
       Bite              ||    12
 Fire: Blowgun           ||     8
 Stab: Sleeping          ||     6
Armor: Robe              ||    19
Dodge: Dodged            ||    43
